 Dungeon Crawl Stone Soup version 0.23.2-40-g277498a001 (webtiles) character file.

Game seed: 13953643290316496062

150 DEFE the Ducker (level 5, -5/27 HPs)
             Began as a Spriggan Fighter on Sept 18, 2019.
             Killed by divine providence
             ... invoked by an orc priest
              (14 damage)
             ... on level 3 of the Dungeon.
             The game lasted 00:05:37 (4119 turns).

DEFE the Ducker (Spriggan Fighter)                  Turns: 4119, Time: 00:05:38

Health: -5/27      AC:  2    Str: 18    XL:     5   Next: 10%
Magic:  6/6        EV: 19    Int:  9    God:
Gold:   42         SH:  6    Dex: 16    Spells: 4/4 levels left

rFire    . . .     SeeInvis +   r - +0 hand axe (venom)
rCold    . . .     Gourm    .   c - +0 buckler
rNeg     . . .     Faith    .   b - +0 robe
rPois    .         Spirit   .   (helmet restricted)
rElec    .         Reflect  .   (no cloak)
rCorr    .         Harm     .   (gloves unavailable)
MR       .....                  (boots unavailable)
Stlth    +.........             (no amulet)
HPRegen  0.09/turn              h - ring of wizardry
MPRegen  0.10/turn              (no ring)

@: mighty, very quick
A: very small, unfitting armour, see invisible, herbivore, speed 3, slow
metabolism 2
a: no special abilities


You were on level 3 of the Dungeon.
You were not hungry.

You visited 1 branch of the dungeon, and saw 3 of its levels.

You collected 42 gold pieces.

Inventory:

Hand Weapons
 a - a +0 flail
 r - a +0 hand axe of venom (weapon)
Armour
 b - a +0 robe (worn)
 c - a +0 buckler (worn)
Jewellery
 h - a ring of wizardry (left hand)
Scrolls
 e - 2 scrolls of teleportation
 i - a scroll of amnesia {unknown}
 j - a scroll of enchant armour {unknown}
 n - a scroll of blinking {unknown}
 o - 4 scrolls of remove curse {unknown}
 p - a scroll of fear {unknown}
Potions
 g - a potion of resistance {unknown}
 k - a potion of heal wounds {unknown}
 l - a potion of curing {unknown}
 m - 2 potions of berserk rage {unknown}
 q - a potion of mutation {unknown}
Comestibles
 f - 2 rations


   Skills:
 - Level 2.4 Fighting
 + Level 3.7 Maces & Flails
 - Level 4.8 Dodging
 - Level 2.3 Shields


You had 4 spell levels left.
You didn't know any spells.
Your spell library was empty.

Dungeon Overview and Level Annotations

Branches:
Dungeon (3/15)

Altars:

Annotations:
D:3 Grinder


Innate Abilities, Weirdness & Mutations

You are very small and have problems with some larger weapons.
You are too small for most types of armour.
You have supernaturally acute eyesight. (SInv)
You are a herbivore.
You cover ground extremely quickly.
You need to consume almost no food.


Message History

The orc priest looks encouraged for a moment.
There is a stone staircase leading up here.
You start resting.
The orc priest is too close now for your liking.
You hit the orc priest.
The orc priest is lightly wounded.
The orc priest mumbles some strange prayers to Beogh against you.
Beogh smites you!
Ouch! That really hurt!
* * * LOW HITPOINT WARNING * * *
You are too injured to fight recklessly!
You are too injured to fight recklessly!
You feel very mighty all of a sudden. The orc priest completely misses you.
You slash the orc priest!
The orc priest is poisoned.
The orc priest is almost dead.
The orc priest invokes the aid of Beogh against you.
Beogh smites you!
Ouch! That really hurt!
You die...

o.(...r...........o....#
..# ............# #. #.#
............###. #<#
........(.......##.# #.#
#...#.# #)# #.#.#.###
###)### #........
#o....# ##...o...
####@##### #.......
#....<# #.......
.........# ##...>...
..##...#.#######........
##.##..........######
... ..#....##...†....
#### #.##.# ##..#####
#.. .# #..# ### #.# #
#..# #..


You could see an orc priest.

Vanquished Creatures
  An orc wizard (D:3)
  An adder (D:2)
  2 oozes (D:1)
  3 worms (D:2)
  4 dart slugs
  3 leopard geckos
  8 orcs
  2 giant cockroaches
  15 goblins
  5 hobgoblins
  4 quokkas (D:2)
  9 bats
  4 frilled lizards
  9 kobolds
  7 rats
77 creatures vanquished.

Notes
Turn   | Place    | Note
-------+----------+-------------------------------------------
     0 | D:1      | DEFE the Spriggan Fighter began the quest for the Orb.
     0 | D:1      | Reached XP level 1. HP: 11/11 MP: 2/2
   289 | D:1      | Reached XP level 2. HP: 16/16 MP: 3/3
   825 | D:1      | Reached XP level 3. HP: 19/19 MP: 4/4
  1680 | D:2      | Reached XP level 4. HP: 12/23 MP: 5/5
  3126 | D:3      | Noticed Grinder
  4005 | D:3      | Reached XP level 5. HP: 20/27 MP: 6/6
  4119 | D:3      | Killed from afar by an orc priest

Skill      XL: |  1  2  3  4 |
---------------+-------------+-----
Maces & Flails | 2 3 |  3.7
Fighting       | |  2.4
Dodging        | |  4.8
Shields        | |  2.3

Action                   |  1- 3 |  4- 6 || total
-------------------------+-------+-------++-------
Melee: Flail             |   137 |    98 ||   235
       Hand axe          |       |    20 ||    20
  Use: Scroll            |       |     1 ||     1
       Potion            |       |     1 ||     1
 Stab: Sleeping          |     6 |     2 ||     8
  Eat: Ration            |       |     1 ||     1
Armor: Robe              |    15 |    11 ||    26
Dodge: Dodged            |   127 |    80 ||   207
Block: Buckler           |    47 |    23 ||    70
